[Event "*** Titled Tuesday Blitz"]
[Site "Chess.com"]
[Date "2021.04.27"]
[Round "4"]
[White "TST2014"]
[Black "guillembaches"]
[Result "1-0"]
[WhiteElo "2675"]
[BlackElo "2506"]
[TimeControl "180+1"]
[EndTime "10:38:07 PDT"]
[Termination "TST2014 won on time"]

1. d4 Nf6 2. c4 e6 3. Nf3 d5 4.
Nc3 Be7 5. Bf4 O-O 6. e3 Nbd7 7. c5 c6 8. Bd3 Nh5 9. b4 Nxf4 10. exf4 b6 11.
O-O Qc7 12. g3 a5 13. a3 Ba6 14. Qe2 Bxd3 15. Qxd3 Qb7 16. Rfb1 Ra7 17. Qe2 Bf6 18.
Ne5 Bxe5 19. fxe5 Rfa8 20. bxa5 b5 21. Qb2 Rxa5 22. a4 Qa7 23. Ra3 Rb8 24. Rb3 Qa6 25.
axb5 cxb5 26. Nxb5 Ra2 27. Qc3 f6 28. c6 Nb6 29. c7 Rd8 30. cxd8=Q+ 1-0

[Event "*** Titled Tuesday Blitz"]
[Site "Chess.com"]
[Date "2021.04.27"]
[Round "4"]
[White "KhatanbaatarBazar"]
[Black "Willhaven3"]
[Result "0-1"]
[WhiteElo "2654"]
[BlackElo "2513"]
[TimeControl "180+1"]
[EndTime "10:38:08 PDT"]
[Termination "Willhaven3 won by checkmate"]

1. e4 c5 2. Nf3 a6 3. c3 Nf6 4. e5 Nd5 5. d4 cxd4 6. Qxd4 e6 7. Bc4 Nc6 8. Qe4 f5 9. exf6 Nxf6 10. Qe2 d5 11.
Bb3 Bc5 12. O-O O-O 13. Bg5 h6 14. Bh4 Qe8 15. Nbd2 Nh5 16. Bg3 Qg6 17. Kh1 Nf4 18.
Bxf4 Rf5 19. Bg3 Qf7 20. Rad1 Bd7 21. Ne5 Nxe5 22. Bxe5 Bb5 23. c4 dxc4 24. Bxc4 Bc6 25. f3 Rh5 26. Bg3 Re8 27. Rde1 Bd7 28. Ne4 Bb4 29.
Rd1 Bc6 30. Nd6 Qg6 31. Bf4 Re7 32. Bd3 Qf6 33. Bg3 Qg5 34. f4 Qxg3 35. Qxh5 Qxg2# 0-1

[Event "*** Titled Tuesday Blitz"]
[Site "Chess.com"]
[Date "2021.04.27"]
[Round "4"]
[White "Lenyas66"]
[Black "NoGalloNoParty"]
[Result "1-0"]
[WhiteElo "2489"]
[BlackElo "2354"]
[TimeControl "180+1"]
[EndTime "10:38:09 PDT"]
[Termination "Lenyas66 won by resignation"]

1. e4 c5 2. Nf3 e6 3. Nc3 Nc6 4. Bb5 Nd4 5. a4 g6 6. Nxd4 cxd4 7. Ne2 Bg7 8. O-O Ne7 9. c3 a6 10. Bd3 Nc6 11. f4 d6 12. Kh1 O-O 13. Qe1 b6 14.
Qf2 dxc3 15. dxc3 Bb7 16. Be3 b5 17. axb5 axb5 18. Bxb5 Qe7 19. Rxa8 Rxa8 20. Ng3 f5 21. Rd1 Nd8 22. exf5 exf5 23. Bd4 Ne6 24. Bxg7 Kxg7 25. Re1 Qf6 26. Qb6 Rb8 27. Qxd6 Bxg2+ 28. Kxg2 Rxb5 29.
Qd7+ 1-0

[Event "*** Titled Tuesday Blitz"]
[Site "Chess.com"]
[Date "2021.04.27"]
[Round "4"]
[White "Lyschko"]
[Black "jerry_77"]
[Result "0-1"]
[WhiteElo "2267"]
[BlackElo "2468"]
[TimeControl "180+1"]
[EndTime "10:38:11 PDT"]
[Termination "jerry_77 won on time"]

1. c4 Nf6 2. Nc3 e6 3. e4 c5 4. e5 Ng8 5. Nf3 Nc6 6. d4 cxd4 7.
Nxd4 Qc7 8. Bf4 a6 9. Rc1 Bc5 10. Nb3 Bb4 11. Be2 Nge7 12. O-O Ng6 13. Bg3 O-O 14.
Nd5 exd5 15. cxd5 Qb6 16. dxc6 dxc6 17. Bc4 a5 18. Qh5 a4 19. Na1 Bd2 20. Rc2 Bf4 21. Re1 Bd7 22. Rce2 Qb4 23. b3 Bxg3 24. hxg3 b5 25. Nc2 Qc3 26. Bxf7+ Rxf7 27. e6 Bxe6 28. Rxe6 Qxc2 29. Re8+ Rxe8 30. Rxe8+ Rf8 31. Re2 Qf5 32. Qxf5 Rxf5 0-1

[Event "*** Titled Tuesday Blitz"]
[Site "Chess.com"]
[Date "2021.04.27"]
[Round "4"]
[White "Supernotar"]
[Black "dbrankovic68"]
[Result "1-0"]
[WhiteElo "2741"]
[BlackElo "2456"]
[TimeControl "180+1"]
[EndTime "10:38:15 PDT"]
[Termination "Supernotar won by resignation"]

1. d4 Nf6 2. c4 g6 3. Nc3 Bg7 4. e4 d6 5. Be2 O-O 6. Nf3 e5 7. O-O Na6 8. Bg5 h6 9. Bh4 exd4 10. Nxd4 Nc5 11. f3 a5 12. Rc1 Re8 13. b3 c6 14.
Kh1 Qc7 15. Qd2 Kh7 16. Rfd1 Nh5 17. Bf1 Be5 18. Bf2 Bd7 19. Be3 g5 20. Nde2 Rad8 21.
g3 Bc8 22. Bg2 Bg7 23. Nd4 Qe7 24. Bf2 g4 25. Re1 gxf3 26. Nxf3 Nf6 27. Qc2 Ng4 28.
Bg1 Nd7 29. Nd4 Nde5 30. Nf5 Bxf5 31. exf5 Qg5 32. f6+ Ng6 33. fxg7 Qh5 34. h3 Kxg7 35. Ne4 Re5 36. Bd4 Re8 37. Bxe5+ N6xe5 38. Nxd6 Rd8 39. Nf5+ Kf6 40. Rf1 Rd3 41. Ne3+ 1-0

[Event "*** Titled Tuesday Blitz"]
[Site "Chess.com"]
[Date "2021.04.27"]
[Round "4"]
[White "TimofeevAr"]
[Black "Fighterman91"]
[Result "1-0"]
[WhiteElo "2830"]
[BlackElo "2620"]
[TimeControl "180+1"]
[EndTime "10:38:16 PDT"]
[Termination "TimofeevAr won on time"]

1. c4 e5 2. e3 Nf6 3. Nc3 Bb4 4. Nge2 O-O 5. a3 Be7 6. Ng3 d5 7. cxd5 Nxd5 8. Be2 Be6 9. O-O c6 10. d3 a5 11. Bd2 Nd7 12. Rc1 Nc5 13. Nce4 Qb6 14. Nxc5 Bxc5 15. Qc2 Be7 16. Ne4 a4 17. Bf3 Rfd8 18.
h3 h6 19. Rb1 Nc7 20. Bc3 Bb3 21. Qe2 Qb5 22. d4 Bc4 23. Qc2 Bd3 24. Qc1 Bxf1 25. Qxf1 Qxf1+ 26. Kxf1 exd4 27. Bxd4 Nb5 28. Bb6 Rd7 29.
Be2 Nc7 30. Bd4 Ne6 31. Bc3 f5 32. Bc4 Kf7 33. Ng3 g6 34. e4 f4 35. Ne2 b5 36.
Ba2 g5 37. g3 1-0

[Event "*** Titled Tuesday Blitz"]
[Site "Chess.com"]
[Date "2021.04.27"]
[Round "4"]
[White "Smile2005"]
[Black "Willychess95"]
[Result "1-0"]
[WhiteElo "2388"]
[BlackElo "2590"]
[TimeControl "180+1"]
[EndTime "10:38:17 PDT"]
[Termination "Smile2005 won by resignation"]

1. Nf3 c5 2. g3 Nc6 3. Bg2 g6 4. O-O Bg7 5. d3 d6 6. e4 e5 7. c3 Nge7 8. Na3 O-O 9. Nc2 f5 10.
exf5 Nxf5 11. Ne3 d5 12. Qb3 Nxe3 13. Bxe3 Qd6 14. Ng5 Rd8 15. Ne4 c4 16. Nxd6 cxb3 17. Nxc8 Raxc8 18. axb3 a6 19. Bb6 Rd6 20. Bc5 Rdd8 21.
Bh3 Ra8 22. Bb6 Re8 23. Bd7 Re7 24. Bxc6 bxc6 25. Bc5 Rf7 26. Ra5 Rf3 27. Rfa1 Rxd3 28. Rxa6 Rxa6 29. Rxa6 Rd2 30. Rxc6 Rxb2 31. b4 d4 32. cxd4 exd4 33. Rc8+ Kf7 34. Rc7+ Kg8 35. Rxg7+ 1-0

[Event "*** Titled Tuesday Blitz"]
[Site "Chess.com"]
[Date "2021.04.27"]
[Round "4"]
[White "AryanTari"]
[Black "juancruzarias"]
[Result "1-0"]
[WhiteElo "2889"]
[BlackElo "2577"]
[TimeControl "180+1"]
[EndTime "10:38:18 PDT"]
[Termination "AryanTari won by resignation"]

1. e4 c6 2. d4 d5 3. exd5 cxd5 4. Bd3 Nc6 5. c3 Nf6 6. h3 g6 7. Nf3 Bf5 8. Be2 Qc7 9. O-O Bg7 10. Re1 O-O 11. Bg5 Ne4 12. Be3 Rab8 13. Qc1 b5 14.
Bf4 Nd6 15. Nbd2 Na5 16. Nb3 Nxb3 17. axb3 Rfc8 18. b4 Rb6 19. Bf1 Qb7 20. Bh6 Bh8 21. Qf4 Nc4 22. Bxc4 dxc4 23. Qh4 f6 24. d5 Rc7 25.
Nd4 Bd7 26. Rxe7 Qxd5 27. Rae1 Rc8 28. Bc1 Rb7 29. Qxh7+ 1-0

[Event "*** Titled Tuesday Blitz"]
[Site "Chess.com"]
[Date "2021.04.27"]
[Round "4"]
[White "Iskusnyh"]
[Black "Homino"]
[Result "1-0"]
[WhiteElo "2605"]
[BlackElo "2333"]
[TimeControl "180+1"]
[EndTime "10:38:23 PDT"]
[Termination "Iskusnyh won on time"]

1. d4 Nf6 2. c4 c5 3. d5 b5 4. Qc2 d6 5. e4 g6 6. Nf3 Bg7 7. Be2 O-O 8. O-O bxc4 9. Na3 a5 10. Nxc4 a4 11. Bd2 Nbd7 12. h3 Qc7 13. Bc3 Qb8 14. Rad1 Nb6 15. Na5 Bd7 16. Rfe1 Rc8 17. Bf1 Be8 18. Rd2 Nh5 19. e5 Nf4 20. Qe4 dxe5 21. Nxe5 Nfxd5 22. Rxd5 Nxd5 23. Qxd5 e6 24. Qe4 Bb5 25.
Nac4 Rd8 26. Qf3 Qa7 27. Ng4 Kh8 28. Bxg7+ Kxg7 29. Qf6+ Kf8 30. Rxe6 1-0

[Event "*** Titled Tuesday Blitz"]
[Site "Chess.com"]
[Date "2021.04.27"]
[Round "4"]
[White "chito89"]
[Black "ljuks68"]
[Result "1-0"]
[WhiteElo "2753"]
[BlackElo "2458"]
[TimeControl "180+1"]
[EndTime "10:38:23 PDT"]
[Termination "chito89 won on time"]

1. e4 e6 2. d4 d5 3. Nc3 Bb4 4. Ne2 Nc6 5. a3 Ba5 6. b4 Bb6 7. Bb2 Nge7 8. g3 dxe4 9. Nxe4 Nf5 10. c3 e5 11. d5 Nce7 12. c4 a5 13. Bg2 f6 14.
O-O O-O 15. Qd3 Ba7 16. Rad1 Nd6 17. c5 Nxe4 18. Bxe4 f5 19. Bg2 Ng6 20. Qc4 Kh8 21.
h4 f4 22. Rd3 Bf5 23. h5 1-0

[Event "*** Titled Tuesday Blitz"]
[Site "Chess.com"]
[Date "2021.04.27"]
[Round "4"]
[White "Savagelittlemole"]
[Black "H3nriqueTV"]
[Result "1-0"]
[WhiteElo "2533"]
[BlackElo "2316"]
[TimeControl "180+1"]
[EndTime "10:38:25 PDT"]
[Termination "Savagelittlemole won by resignation"]

1. e4 c5 2. Ne2 d6 3. g3 Nc6 4.
Bg2 Nf6 5. O-O e6 6. c3 Be7 7. d4 cxd4 8. cxd4 d5 9. exd5 Nxd5 10. Nbc3 Nxc3 11. bxc3 O-O 12. Nf4 e5 13. dxe5 Qxd1 14.
Rxd1 Nxe5 15. Nd5 Bd8 16. Bf4 Ng6 17. Bd6 Re8 18. Rab1 Bg4 19. Rd4 Be6 20. Rxb7 Rc8 21. Rxa7 h5 22. h4 Bg4 23. Re4 Be6 24. c4 f5 25. Re1 Bf7 26. Rxe8+ Bxe8 27. c5 Bf7 28. a4 Nf8 29. a5 Ne6 30. Nb6 Bxb6 31. cxb6 Rc1+ 32. Kh2 g5 33. b7 Rb1 34. b8=Q+ Rxb8 35. Bxb8 gxh4 1-0

[Event "*** Titled Tuesday Blitz"]
[Site "Chess.com"]
[Date "2021.04.27"]
[Round "4"]
[White "jefferyx"]
[Black "nrvignesh"]
[Result "1-0"]
[WhiteElo "2996"]
[BlackElo "2788"]
[TimeControl "180+1"]
[EndTime "10:38:26 PDT"]
[Termination "jefferyx won by resignation"]

1. e4 e5 2. Nf3 Nc6 3. Nc3 Nf6 4. d4 exd4 5. Nxd4 Bb4 6. Nxc6 bxc6 7. Bd3 d5 8. exd5 Qe7+ 9. Qe2 Nxd5 10. Qxe7+ Kxe7 11. a3 Bxc3+ 12. bxc3 Be6 13. Bd2 Rhd8 14. O-O Rab8 15. c4 Nb6 16. Bb4+ Ke8 17. Rfe1 Na4 18. f4 c5 19. Ba5 g6 20. Bxc7 Nb6 21. f5 gxf5 22. Bxf5 Kd7 23. Bxb8 Bxf5 24. Rad1+ Kc8 25. Rxd8+ Kxd8 26. Bxa7 Nxc4 27. Bxc5 Bxc2 28. Rc1 Bb3 29. Rc3 Ba2 30. Kf2 Kd7 31. Ke2 Kc6 32. Bb4 Kd5 33. Rh3 Bb1 34. a4 Ne5 35. a5 Nc6 36. Bc3 Kc4 37.
Kd2 Kb5 38. Rh5+ Ka6 39. Ke3 Bg6 40. Rc5 Na7 41. Bd2 h5 42. Kf4 Nb5 43. Rc6+ Ka7 44. Be3+ Ka8 45. a6 1-0

[Event "*** Titled Tuesday Blitz"]
[Site "Chess.com"]
[Date "2021.04.27"]
[Round "4"]
[White "Mikhal867"]
[Black "PavelShkapenko"]
[Result "0-1"]
[WhiteElo "2435"]
[BlackElo "2662"]
[TimeControl "180+1"]
[EndTime "10:38:26 PDT"]
[Termination "PavelShkapenko won by resignation"]

1. c4 Nf6 2. Nc3 e6 3. e4 c5 4. Nf3 Nc6 5. d4 cxd4 6. Nxd4 Bb4 7. f3 d5 8. cxd5 exd5 9. Nxc6 bxc6 10. Qa4 Qb6 11. e5 Nd7 12. f4 Nc5 13. Qd1 Ne4 14. Qf3 Bg4 15. Qxg4 Bxc3+ 16. Ke2 Bxb2 17. Be3 d4 18.
Qxg7 O-O-O 19. Qg4+ Kb8 20. Rb1 Nc3+ 21. Kf3 Nxb1 22. Bf2 Nd2+ 23. Ke2 Ne4 24. Bg1 Qb5+ 25. Kf3 Nd2+ 26. Kg3 Nxf1+ 27. Kh3 Qd5 0-1

[Event "*** Titled Tuesday Blitz"]
[Site "Chess.com"]
[Date "2021.04.27"]
[Round "4"]
[White "Macron20hTF1"]
[Black "northridgehawk"]
[Result "0-1"]
[WhiteElo "2466"]
[BlackElo "2342"]
[TimeControl "180+1"]
[EndTime "10:38:27 PDT"]
[Termination "northridgehawk won on time"]

1. e4 e5 2. Bc4 Nc6 3. d3 Nf6 4. Nc3 Bc5 5. f4 d6 6. f5 a6 7. Nf3 Nd4 8. Bg5 c6 9. Bb3 h6 10. Bh4 b5 11. Nxd4 Bxd4 12. Qf3 Bb7 13. g4 a5 14. a4 b4 15. Ne2 Bxb2 16. Rb1 Bd4 17. Nxd4 exd4 18. O-O Qb6 19. Bf2 Nd7 20. c3 Ne5 21.
Qe2 c5 22. cxd4 cxd4 23. Rfd1 O-O 24. Qb2 Rac8 25. Bxd4 Qxd4+ 26. Qxd4 Nf3+ 27. Kf2 Nxd4 28. Bc4 Rfe8 29. Ke3 Nc6 30. Kf4 Ne5 31. Bb5 Red8 32. d4 g5+ 33. Kg3 Rc3+ 34. Kg2 Nxg4 35. Re1 Ne3+ 36. Kg1 Bxe4 37. Re2 d5 38. Rbe1 Nxf5 0-1

[Event "*** Titled Tuesday Blitz"]
[Site "Chess.com"]
[Date "2021.04.27"]
[Round "4"]
[White "Legendinunknown"]
[Black "Region_07"]
[Result "1-0"]
[WhiteElo "2606"]
[BlackElo "2376"]
[TimeControl "180+1"]
[EndTime "10:38:29 PDT"]
[Termination "Legendinunknown won on time"]

1. d4 d5 2. c4 Nc6 3. Nc3 dxc4 4. Nf3 Nf6 5. e4 Bg4 6. Be3 e6 7. Bxc4 Bb4 8. Qc2 Qe7 9. Be2 O-O-O 10. Rd1 Bh5 11. O-O Bg6 12. Bd3 Bh5 13. Be2 Bg6 14.
Nh4 Bxc3 15. Nxg6 hxg6 16. bxc3 Qe8 17. Bf3 Kb8 18. Rb1 e5 19. Rfd1 Nd7 20. d5 Ne7 21. Qb3 b6 22. d6 Nc8 23. dxc7+ Kxc7 24. c4 Qe7 25. c5 Kb8 26. cxb6 axb6 27. a4 Rhe8 28.
a5 Nc5 29. Qb5 Rxd1+ 30. Rxd1 Rd8 31. Rxd8 Qxd8 32. Bxc5 Qd2 33. Bxb6 Qc1+ 34. Qf1 1-0

[Event "*** Titled Tuesday Blitz"]
[Site "Chess.com"]
[Date "2021.04.27"]
[Round "4"]
[White "HonzaVykouk"]
[Black "AungTZ"]
[Result "1-0"]
[WhiteElo "2584"]
[BlackElo "2167"]
[TimeControl "180+1"]
[EndTime "10:38:30 PDT"]
[Termination "HonzaVykouk won on time"]

1. e4 c5 2. Nf3 Nc6 3. d4 cxd4 4. Nxd4 Nf6 5. Nc3 d6 6. Bg5 e6 7. Qd2 a6 8. O-O-O h6 9. Nxc6 bxc6 10. Bf4 d5 11. f3 Bb4 12. Qe3 Qa5 13. Be5 Bb7 14.
a3 Be7 15. g4 dxe4 16. Bxf6 Bxf6 17. Nxe4 Be7 18. h4 c5 19. Bc4 Qc7 20. g5 Qe5 21. g6 f5 22. Qb3 Rb8 23. Bxe6 Bxe4 24. Bd7+ Kd8 25. Bb5+ Bd6 26. Rxd6+ Qxd6 27. Rd1 Qxd1+ 28.
Kxd1 Rxb5 29. Qf7 Bxf3+ 30. Kd2 Rb7 31. Qxf5 Rd7+ 32. Kc3 Bd5 33. b3 Re8 34. Kb2 Re2 35.
Qf8+ Kc7 36. Qxc5+ Bc6 37. Qa7+ 1-0

[Event "*** Titled Tuesday Blitz"]
[Site "Chess.com"]
[Date "2021.04.27"]
[Round "4"]
[White "Jenia84"]
[Black "Margency"]
[Result "0-1"]
[WhiteElo "2342"]
[BlackElo "2653"]
[TimeControl "180+1"]
[EndTime "10:38:30 PDT"]
[Termination "Margency won by resignation"]

1. e4 c5 2. Nf3 d6 3. d4 cxd4 4. Nxd4 Nf6 5. Nc3 a6 6. Be2 e6 7. Be3 Be7 8. Qd2 O-O 9. O-O-O b5 10. f3 b4 11. Na4 Qa5 12. b3 Bd7 13. a3 d5 14. e5 Ne8 15. Nb2 Qxa3 16. Kb1 Nc6 17. f4 Nc7 18. Nxc6 Bxc6 19. f5 Nb5 20. Na4 Rfc8 21. Qd3 Nc3+ 22. Nxc3 Bb5 23. Bc1 Bxd3 24. Bxa3 Bxf5 25. Bd3 Bxd3 26. Rxd3 bxa3 27. Ka2 Ra7 28. Rf1 Rac7 29. Rff3 Bb4 0-1

[Event "*** Titled Tuesday Blitz"]
[Site "Chess.com"]
[Date "2021.04.27"]
[Round "4"]
[White "AttackSparrow"]
[Black "Kostukov_Alex"]
[Result "1-0"]
[WhiteElo "2497"]
[BlackElo "2306"]
[TimeControl "180+1"]
[EndTime "10:38:34 PDT"]
[Termination "AttackSparrow won by resignation"]

1. e4 c5 2. c3 g6 3. d4 cxd4 4. cxd4 d5 5. exd5 Nf6 6. Nc3 Nxd5 7. Qb3 Nb6 8. Bb5+ Bd7 9. Nf3 Bg7 10. a4 O-O 11. a5 Nc8 12. Bxd7 Qxd7 13. d5 Nd6 14.
O-O Na6 15. Be3 Nf5 16. Bf4 Nc5 17. Qc4 Rac8 18. Rfe1 Nd6 19. Qe2 Rfe8 20. Rad1 Nb3 21. a6 b5 22. Be5 Nc4 23. Bxg7 Kxg7 24. h4 h5 25. Ne5 Qd6 26. Nxb5 Qxe5 27. Qxe5+ Nxe5 28. Rxe5 Ra8 29. Nc7 Nc5 30. Nxa8 Rxa8 31. Rxe7 Nxa6 32.
d6 Rd8 33. Rxa7 Nc5 34. d7 Kf6 35. Rc7 Ne6 36. Rc8 Ke7 37. Rxd8 Kxd8 38. g3 Nc5 39. Kf1 Nxd7 40. Rxd7+ Kxd7 41. Ke2 Kc6 42. Ke3 1-0

[Event "*** Titled Tuesday Blitz"]
[Site "Chess.com"]
[Date "2021.04.27"]
[Round "4"]
[White "DenishevM"]
[Black "zurzan"]
[Result "1/2-1/2"]
[WhiteElo "2588"]
[BlackElo "2019"]
[TimeControl "180+1"]
[EndTime "10:38:35 PDT"]
[Termination "Game drawn by repetition"]

1. e4 g6 2. d4 c6 3. Nc3 d5 4. h3 dxe4 5. Nxe4 Nf6 6. Nxf6+ exf6 7. Bc4 Bg7 8. Nf3 O-O 9. O-O b5 10. Bb3 Bf5 11. c3 a5 12. a3 Nd7 13. Be3 Re8 14. Qd2 a4 15. Ba2 Nb6 16. Rfe1 Nd5 17. Bh6 Rxe1+ 18.
Rxe1 Qd7 19. Bxg7 Kxg7 20. Bxd5 cxd5 21. Qf4 Re8 22. Re3 Re4 23. Rxe4 Bxe4 24. Nd2 Qf5 25. Qxf5 Bxf5 26. Nf1 Bd3 27. Ne3 Bc4 28. f4 h6 29.
f5 g5 30. g4 h5 31. Kf2 h4 32. Nc2 Kf8 33. Nb4 Ke7 34. Nc6+ Kd7 35. Nb4 Kd6 36. Nc2 Bb3 37. Ne3 Bc4 38. Ke1 Bb3 39. Kd2 Bc4 40. Kc2 Be2 41. Kd2 Bf3 42. Kd3 Be4+ 43. Ke2 Bb1 44.
Kf2 Ba2 45. Nc2 Bc4 46. Nb4 Bb3 47. Na6 Bc4 48. Nc5 Ba2 49. Kf3 Bc4 50. Kg2 Ba2 51. Nb7+ Kd7 52. Kf3 Bc4 53. Kg2 Ba2 54. Nc5+ Kd6 55.
Nd3 Bc4 56. Ne1 Ba2 57. Nd3 Bc4 58. Ne1 Ba2 59. Nd3 1/2-1/2

[Event "*** Titled Tuesday Blitz"]
[Site "Chess.com"]
[Date "2021.04.27"]
[Round "4"]
[White "Jumbo"]
[Black "Bigfish1995"]
[Result "0-1"]
[WhiteElo "2781"]
[BlackElo "2994"]
[TimeControl "180+1"]
[EndTime "10:38:36 PDT"]
[Termination "Bigfish1995 won by resignation"]

1. d4 Nf6 2. c4 e6 3. Nf3 a6 4.
Nc3 d5 5. cxd5 exd5 6. Bg5 Be6 7.
e3 Nbd7 8. h3 Bd6 9. Bd3 O-O 10.
Qc2 h6 11. Bf4 Qe7 12. O-O Rfe8 13. Rfe1 c5 14. dxc5 Bxc5 15. Rad1 Rac8 16. a3 b5 17. b4 Ba7 18. Qb2 Nb6 19. e4 dxe4 20. Nxe4 Nxe4 21. Rxe4 Na4 22. Qe5 Nc3 23. Bxh6 gxh6 24. Rde1 Bb8 25. Qh5 Nxe4 26. Bxe4 Qf6 27. g4 Bf4 28. h4 Qg7 29. g5 hxg5 0-1

[Event "*** Titled Tuesday Blitz"]
[Site "Chess.com"]
[Date "2021.04.27"]
[Round "4"]
[White "AlexSuv"]
[Black "Valeron87"]
[Result "0-1"]
[WhiteElo "2551"]
[BlackElo "2419"]
[TimeControl "180+1"]
[EndTime "10:38:36 PDT"]
[Termination "Valeron87 won by resignation"]

1. d4 d5 2. c4 e6 3. Nc3 c6 4. e4 dxe4 5. Nxe4 Bb4+ 6. Bd2 Qxd4 7. Bxb4 Qxe4+ 8. Be2 c5 9. Bxc5 Qxg2 10. Qd6 Nd7 11. Bf3 Qg5 12. Be3 Qa5+ 13. Kf1 Qe5 14. Qd2 Ngf6 15. Ne2 O-O 16. Rg1 Ne4 17. Qc2 Nef6 18.
Bd4 Qf5 19. Qc3 e5 20. Rg3 exd4 21. Nxd4 Qf4 22. Re1 Ne5 23. Ne2 Qf5 24. Nd4 Qd3+ 25.
Qxd3 Nxd3 26. Re7 Nxb2 27. Nb5 Nxc4 28. Nc7 Rb8 29. Be2 Nd6 30. Bd3 Nf5 31. Rf3 Nxe7 0-1

[Event "*** Titled Tuesday Blitz"]
[Site "Chess.com"]
[Date "2021.04.27"]
[Round "4"]
[White "MARVELandDCforLIFE"]
[Black "MFguimaraes"]
[Result "0-1"]
[WhiteElo "2230"]
[BlackElo "2431"]
[TimeControl "180+1"]
[EndTime "10:38:39 PDT"]
[Termination "MFguimaraes won by resignation"]

1. e4 d5 2. exd5 Nf6 3. d4 Bg4 4. Nf3 Qxd5 5. Be2 Nc6 6. c3 O-O-O 7. h3 Bh5 8. O-O e5 9. dxe5 Nxe5 10. Qxd5 Rxd5 11.
Nbd2 Nxf3+ 12. Bxf3 Bxf3 13. Nxf3 Bc5 14. b4 Bb6 15. c4 Bd4 16. Rb1 Rd6 17. Bf4 Rdd8 18. Rfd1 Bc3 19. a3 Ne4 20. Kf1 f6 21. Be3 a6 22. Ke2 Rhe8 23. Rxd8+ Rxd8 24. Rd1 Bb2 25. Rxd8+ Kxd8 26. a4 Nc3+ 27. Kd3 Nxa4 28. Bd2 b5 29.
c5 Kd7 30. Kc2 Ke6 31. Ne1 Bd4 32. Nd3 Kd5 33. f3 g5 34. Nc1 Kc4 35. Ne2 Bf2 36. g3 a5 37. f4 axb4 38. fxg5 b3+ 39. Kb1 fxg5 40. Bxg5 Nxc5 41. Bc1 Nd3 42. g4 Kd5 43. Nc3+ Kc4 44. Bd2 Be1 45. Bxe1 Nxe1 46. Ne4 Nf3 47.
g5 Kd4 48. g6 hxg6 0-1

[Event "*** Titled Tuesday Blitz"]
[Site "Chess.com"]
[Date "2021.04.27"]
[Round "4"]
[White "ChronicUnhappiness"]
[Black "rikyshi"]
[Result "1-0"]
[WhiteElo "2326"]
[BlackElo "2187"]
[TimeControl "180+1"]
[EndTime "10:38:41 PDT"]
[Termination "ChronicUnhappiness won on time"]

1. d3 d5 2. Nf3 h6 3. g3 Nf6 4. Bg2 e6 5. O-O Bd6 6. c4 c5 7. cxd5 exd5 8. e4 dxe4 9. dxe4 Nc6 10. e5 Nxe5 11. Nxe5 Bxe5 12. Qe2 Qd4 13. Bf4 Nd7 14. Nc3 O-O 15. Rad1 Bxf4 16. Rxd4 cxd4 17. Nd5 Bd6 18. Qe4 Nc5 19. Qxd4 Be6 20. Nf6+ 1-0

[Event "*** Titled Tuesday Blitz"]
[Site "Chess.com"]
[Date "2021.04.27"]
[Round "4"]
[White "WuinaterJr"]
[Black "Dyadya81"]
[Result "0-1"]
[WhiteElo "2534"]
[BlackElo "2717"]
[TimeControl "180+1"]
[EndTime "10:38:42 PDT"]
[Termination "Dyadya81 won by resignation"]

1. e4 c6 2. d4 d5 3. Nc3 dxe4 4. Nxe4 Nf6 5. Nxf6+ exf6 6. c3 Bd6 7.
Bd3 O-O 8. Ne2 Re8 9. O-O Nd7 10. Qc2 Nf8 11. Bd2 Be6 12. b3 Qc7 13. h3 c5 14.
Rfe1 Rad8 15. Rad1 a6 16. Be3 Ng6 17. c4 Qc8 18.
dxc5 Bxc5 19. Ng3 Bb4 20. Re2 Bd6 21. Nf5 Bb8 22. Bb6 Rxd3 23. Qxd3 Nf4 24. Ne7+ Rxe7 25.
Qd8+ Re8 26. Qxc8 Nxe2+ 27. Kf1 Bxc8 28. Re1 Ng3+ 29. fxg3 Rxe1+ 30. Kxe1 Bxg3+ 0-1

[Event "*** Titled Tuesday Blitz"]
[Site "Chess.com"]
[Date "2021.04.27"]
[Round "4"]
[White "OlegKrivonosov"]
[Black "PelinGorki"]
[Result "1-0"]
[WhiteElo "2678"]
[BlackElo "2507"]
[TimeControl "180+1"]
[EndTime "10:38:42 PDT"]
[Termination "OlegKrivonosov won on time"]

1. Nf3 e6 2. c4 g5 3. h3 Bg7 4. d4 h6 5. Nc3 d6 6. e4 Nd7 7. d5 e5 8. Be2 Ne7 9. Be3 Ng6 10. g3 O-O 11. Nd2 Nf6 12. Bg4 Bd7 13.
Bxd7 Qxd7 14. Qf3 Nh7 15. Qg4 f5 16. exf5 Rxf5 17. Nde4 Raf8 18. Qe2 a6 19. a4 R5f7 20. Qg4 Qd8 21. h4 Rf5 22. hxg5 Nxg5 23. Nxg5 hxg5 24. Ne4 c6 25. O-O cxd5 26. cxd5 Bh6 27. Rac1 Kg7 28. Rc2 R8f7 29. Rfc1 Kh7 30. Rc8 Qe7 31. R8c7 Qf8 32. Rxf7+ Qxf7 33. Nxd6 Rf4 34. gxf4 Qxd5 35. Rc7+ Bg7 36.
Nf5 1-0

[Event "*** Titled Tuesday Blitz"]
[Site "Chess.com"]
[Date "2021.04.27"]
[Round "4"]
[White "Alliswell998"]
[Black "tteshan"]
[Result "1-0"]
[WhiteElo "2443"]
[BlackElo "2249"]
[TimeControl "180+1"]
[EndTime "10:38:44 PDT"]
[Termination "Alliswell998 won by resignation"]

1. e4 e5 2. Nf3 Nc6 3. Bc4 Bc5 4. c3 Nf6 5. d3 O-O 6. Bg5 h6 7. Bh4 a6 8. Bb3 d6 9. Nbd2 Ba7 10. Nf1 Be6 11. Bc2 d5 12. Qe2 d4 13. Ng3 g5 14.
Nxg5 hxg5 15. Bxg5 Bc5 16. f4 Be7 17. f5 Bd7 18. h4 Nh7 19. Qh5 Be8 20. Bh6 f6 21.
Qg4+ Ng5 22. hxg5 fxg5 23. Bxf8 Bxf8 24. O-O-O dxc3 25. Bb3+ Bf7 26. Qh3 cxb2+ 27. Kb1 Bg7 28. Qh7+ Kf8 29. Bxf7 Kxf7 30. f6 Kxf6 31. Nh5+ Ke6 32.
Nxg7+ Kd6 33. Nf5+ Kc5 34. Kxb2 Kb6 35. Qf7 Nd4 36.
Nxd4 Qxd4+ 37. Kb1 Ka7 38. Qc4 Qb6+ 39. Ka1 Rd8 40.
Rb1 Qa5 41. Rhc1 Rd4 42. Qxc7 Qxc7 43. Rxc7 1-0

[Event "*** Titled Tuesday Blitz"]
[Site "Chess.com"]
[Date "2021.04.27"]
[Round "4"]
[White "friesnielsen2302"]
[Black "TheKingOfTheForest"]
[Result "1-0"]
[WhiteElo "2522"]
[BlackElo "2228"]
[TimeControl "180+1"]
[EndTime "10:38:47 PDT"]
[Termination "friesnielsen2302 won by resignation"]

1. e4 e6 2. b3 d5 3. e5 c5 4. c3 Nc6 5. Nf3 Bd7 6. Ba3 Rc8 7. d4 b6 8. Ba6 Rb8 9. O-O Qc7 10. Bd3 Nh6 11.
Qe2 cxd4 12. Bxf8 Rxf8 13. cxd4 g6 14. Qd2 Nf5 15. Bxf5 gxf5 16. Nc3 Ne7 17. Rac1 Qd8 18. Qh6 Ng6 19. g3 Qe7 20. Ng5 f4 21. Nxh7 Rh8 22.
Qg7 Rc8 23. Nf6+ Kd8 24. a4 Qf8 25. Qxf8+ Rxf8 26. Ne2 Ke7 27. h4 a6 28. Nxf4 Nxf4 29. gxf4 Rh8 30. h5 b5 31. a5 b4 32. Kg2 Bb5 33. Rfe1 Rc3 34. Rxc3 bxc3 35. Rc1 Rc8 36. h6 Bd3 37. Kf3 c2 38. Ke3 Bf5 39. Kd2 Rb8 40. h7 Bxh7 41. Nxh7 Rxb3 42. Rxc2 Rf3 43.
Rc7+ Kd8 44. Ra7 Rxf2+ 45. Ke3 Rh2 46. Ng5 Rh3+ 47. Nf3 Rh1 48. Rxa6 Ra1 49. Ra7 Ke8 50. Ng5 Ra3+ 51. Kd2 Ra2+ 52. Kc3 Ra3+ 53. Kb4 Rd3 54.
Kc5 Rc3+ 55. Kd6 Rc8 56. Nxf7 Kf8 57. Ng5 Rc4 58. Nxe6+ Kg8 59. f5 Rb4 60. f6 1-0

[Event "*** Titled Tuesday Blitz"]
[Site "Chess.com"]
[Date "2021.04.27"]
[Round "4"]
[White "Redbandit87"]
[Black "shaheus"]
[Result "0-1"]
[WhiteElo "2376"]
[BlackElo "2169"]
[TimeControl "180+1"]
[EndTime "10:38:48 PDT"]
[Termination "shaheus won by checkmate"]

1. d4 Nf6 2. Bf4 g6 3. Nc3 Bg7 4. Qd2 d5 5. O-O-O O-O 6. Bh6 Nbd7 7. h4 c5 8. Bxg7 Kxg7 9. dxc5 Nxc5 10. Nxd5 Nce4 11. Qd4 e5 12. Qxe5 Nxf2 13. h5 h6 14.
hxg6 Nxd1 15. Qf4 fxg6 16. Qxh6+ Kf7 17. Nxf6 Qxf6 18. Nf3 Nf2 19. Ng5+ Ke8 20. Rh4 Bf5 21. e4 Qd4 22. Bd3 Qe3+ 23. Kb1 Qe1# 0-1